 Dungeon Crawl Stone Soup version bcrawl-1.21.2-28-g2cb1824106 (webtiles) character file.

Game seed: 4472537200621161136

108807 Freyura the Bludgeoner (level 16, -16/144 HPs)
             Began as a Minotaur Fighter on Mar 16, 2020.
             Was the Champion of the Shining One.
             Killed from afar by an Ice Fiend (17 damage)
             ... with a bolt of cold
             ... in an ice cave.
             The game lasted 01:21:08 (22389 turns).

Freyura the Bludgeoner (Minotaur Fighter)          Turns: 22389, Time: 01:21:09

Health: -16/144    AC: 26    Str: 21    XL:     16   Next: 3%
Magic:  23/23      EV: 20    Int:  4    God:    the Shining One [******]
Gold:   2264       SH: 17    Dex: 26    Spells: 15/15 levels left

rFire    . . .     SeeInvis +   b - +6 shillelagh "Devastator" {shatter}
rCold    + + .     Gourm    .   c - +0 medium shield
rNeg     + + +     Faith    .   F - +3 plate armour {rPois}
rPois    +         Spirit   .   (helmet restricted)
rElec    +         Reflect  +   J - +2 cloak {rPois}
rCorr    +         Harm     .   B - -1 pair of gloves "Esiul" {Dex+4 Slay+3 SInv} (curse)
MR       ++++.                  H - +2 pair of boots
Stlth    ..........             y - +3 amulet of reflection
HPRegen  0.34/turn              d - ring of protection from cold
MPRegen  0.18/turn              X - ring of Gozag's Benevolence {rF- rN+ MR+++ Int-3 Slay+2}

@: agile, resistant, glowing
A: retaliatory headbutt, horns 2, clever 1, electricity resistance
a: Divine Shield, Cleansing Flame, Summon Divine Warrior, Brand Weapon With Holy
Wrath, Renounce Religion


You were in an ice cave.
You worshipped the Shining One.
The Shining One was exalted by your worship.
You were not hungry.

You visited 4 branches of the dungeon, and saw 22 of its levels.
You also visited: Sewer and Ice Cave.

You collected 2520 gold pieces.
You spent 256 gold pieces at shops.

Inventory:

Hand Weapons
 a - a +1 flail of flaming
 b - the +6 shillelagh "Devastator" (weapon) {shatter}
   (You acquired it on level 6 of the Dungeon)
Armour
 c - a +0 medium shield (worn)
 B - the cursed -1 pair of gloves "Esiul" (worn) {Dex+4 Slay+3 SInv}
   (You bought it in a shop in the Orcish Mines)

   It affects your dexterity (+4).
   It affects your accuracy and damage with ranged weapons and melee attacks
   (+3).
   It lets you see invisible.
   It has a curse placed upon it.
 F - a +3 plate armour of poison resistance (worn)
 H - a +2 pair of boots (worn)
 J - a +2 cloak of poison resistance (worn)
 N - the +3 ring mail "Toqelely" {+Blink Dex+2}
   (You found it on level 2 of the Lair of Beasts)

   It affects your dexterity (+2).
   It lets you blink.
Jewellery
 d - a ring of protection from cold (left hand)
 i - a +3 ring of dexterity
 o - an uncursed ring of poison resistance
 p - a +1 ring of evasion
 w - an uncursed ring of magical power
 y - a +3 amulet of reflection (around neck)
 G - an uncursed ring of protection from cold
 I - an uncursed amulet of rage
 U - an uncursed ring of protection from fire
 V - an uncursed ring of resist corrosion
 X - the ring of Gozag's Benevolence (right hand) {rF- rN+ MR+++ Int-3 Slay+2}
   (You found it on level 5 of the Lair of Beasts)

   [ring of positive energy]

   It affects your intelligence (-3).
   It affects your accuracy and damage with ranged weapons and melee attacks
   (+2).
   It makes you vulnerable to fire.
   It protects you from negative energy.
   It affects your resistance to hostile enchantments.
Wands
 k - a wand of paralysis (16)
 K - a wand of acid (5)
 M - a wand of digging (20)
 Q - a wand of polymorph (21)
 R - a wand of disintegration (56)
Scrolls
 f - 2 scrolls of fear
 j - 11 scrolls of remove curse
 r - 2 scrolls of identify
 t - 2 scrolls of teleportation
 x - 4 scrolls of blinking
 z - a scroll of amnesia
 D - a scroll of magic mapping
 E - 4 scrolls of enchant weapon
 T - a scroll of summoning
 W - a scroll of fog
Potions
 g - 8 potions of flight
 l - a potion of ambrosia
 m - a potion of brilliance
 n - 7 potions of curing
 q - 6 potions of haste
 s - 3 potions of cancellation
 u - 5 potions of magic
 v - a potion of agility
 C - a potion of mutation
Miscellaneous
 Z - a phial of floods
Comestibles
 e - 41 rations {!d}


   Skills:
 + Level 13.2 Fighting
 * Level 17.4 Maces & Flails
 + Level 13.2 Armour
 + Level 11.7 Dodging
 + Level 13.1 Shields
 + Level 10.9 Invocations
 + Level 6.0 Evocations


You had 15 spell levels left.
You didn't know any spells.
Your spell library contained the following spells:

 Spells                   Type           Power        Failure   Level  Hunger
 Throw Frost              Conj/Ice       #.....       99%         2    ###....
 Animate Skeleton         Necr           N/A          100%        1    ##.....
 Freeze                   Ice            #.....       100%        1    ##.....
 Infusion                 Chrm           #.......     100%        1    ##.....
 Magic Dart               Conj           #...         100%        1    ##.....
 Sandblast                Erth           #.....       100%        1    ##.....
 Blink                    Tloc           N/A          100%        2    ###....
 Call Imp                 Summ           #.....       100%        2    ###....
 Passwall                 Tmut/Erth      #.......     100%        2    ###....
 Poisonous Vapours        Pois/Air       #.....       100%        2    ###....
 Song of Slaying          Chrm           #.......     100%        2    ###....
 Sticks to Snakes         Tmut           #.......     100%        2    ###....
 Swiftness                Chrm/Air       #.......     100%        2    ###....
 Call Canine Familiar     Summ           #.......     100%        3    ####...
 Conjure Flame            Conj/Fire      #.......     100%        3    ####...
 Mephitic Cloud           Conj/Pois/Air  #.......     100%        3    ####...
 Ozocubu's Armour         Chrm/Ice       #.......     100%        3    ####...
 Regeneration             Chrm/Necr      #.........   100%        3    ####...
 Spectral Weapon          Hex/Chrm       #.......     100%        3    ####...
 Spider Form              Tmut/Pois      #..          100%        3    ####...
 Stone Arrow              Conj/Erth      #.....       100%        3    ####...
 Petrify                  Tmut/Erth      #.......     100%        4    #####..
 Summon Ice Beast         Ice/Summ       #.......     100%        4    #####..
 Throw Icicle             Conj/Ice       #.......     100%        4    #####..
 Agony                    Necr           #.......     100%        5    ######.
 Dispel Undead            Necr           #.......     100%        5    ######.
 Lee's Rapid Deconstruct  Erth           #.........   100%        5    ######.
 Silence                  Hex/Air        #.........   100%        5    ######.
 Summon Lightning Spire   Summ/Air       #.......     100%        5    ######.
 Summon Mana Viper        Hex/Summ       #.......     100%        5    ######.
 Conjure Ball Lightning   Conj/Air       #.........   100%        6    #######
 Deflect Missiles         Chrm/Air       #.........   100%        6    #######
 Statue Form              Tmut/Erth      #........    100%        6    #######
 Summon Hydra             Summ           #.........   100%        6    #######
 Monstrous Menagerie      Summ           #.........   100%        7    #######
 Tornado                  Air            #.........   100%        9    #######


Dungeon Overview and Level Annotations

Branches:
Dungeon (12/12)            Temple (0/1) D:4            Lair (6/6) D:9
  Swamp (0/3) Lair:2        Snake (3/3) Lair:4        Slime (0/5) Lair:5
    Orc (1/1) D:10            Elf (0/3) Orc          Vaults (0/3) D:12
 Depths (0/5) D:12

Altars:
Dithmenos
Hepliaklqana
Makhleb
Nemelex Xobeh
Qazlal
Ru
Sif Muna
Trog
Vehumet
Yredelemnul
Zin
The Shining One
Beogh
Jiyva

Shops:
D:5 ?   D:11 }   Orc (=*[

Portals:
Hell: Lair:6

Annotations:
Lair:1 exclusion: oklob plant


Innate Abilities, Weirdness & Mutations

You reflexively headbutt those who attack you in melee.
You have a pair of horns on your head.
Your mind is acute. (Int +2)
You are resistant to electric shocks. (rElec)


Message History

* * * LOW HITPOINT WARNING * * *
The freezing wraith misses you.
The freezing wraith hits you but does no damage.
You block the Ice Fiend's attack. The Ice Fiend claws you!
* * * LOW HITPOINT WARNING * * *
The Ice Fiend freezes you! You resist. The Shining One protects you from harm!
You hit the freezing wraith but do no damage.
You headbutt the freezing wraith!
The freezing wraith is lightly damaged.
You are engulfed in freezing vapours.
You resist. The Shining One protects you from harm!
The freezing wraith barely misses you. The freezing wraith closely misses you.
You hit the freezing wraith but do no damage.
You headbutt the freezing wraith!
The freezing wraith is heavily damaged.
You are engulfed in freezing vapours.
You resist. The Ice Fiend gestures at you. You resist.
The bolt of cold hits you!
You die...

##≈≈≈≈≈≈≈≈ #.#≈≈≈≈≈≈≈
##.##≈≈≈≈≈# #.##
≈≈≈≈≈### #.##
≈#≈≈##°## #..#
##≈##.°○## #
#..###.≈...#§°## $$#
#...#(#.#.###§.##..≈$#
#...#.(##.# #☼@1....$#
##..###..## ##W......#
##..###.# #.....###
##.##.## ##....#
#..##.# ....# ##.##.##
#..## ##..##.## #.#
#..####.## #. #.##
##.#


You could see an Ice Fiend and a freezing wraith.

Vanquished Creatures
  Roxanne (Snake:2)
  A nagaraja (Snake:1)
  An orc warlord (D:10)
  A very ugly thing (D:11)
  A dire elephant (D:12)
  8 naga warriors
  The ghost of donomii the Nimble, a journeyman FrFE of Sif Muna (D:10)
  4 hydras
  7 anacondas
  A catoblepas (Lair:5)
  3 centaur warriors
  The ghost of flt the Covert, a journeyman VSAc of Ru (D:10)
  An anaconda (shapeshifter) (D:12)
  4 two-headed ogres
  Erica (D:8)
  11 death yaks
  2 tengu warriors (D:12)
  6 shock serpents
  5 orc high priests
  A sun demon (Lair:6)
  2 naga sharpshooters
  Sonja (Lair:6)
  2 wizards
  An unseen horror (D:11)
  2 cyclopes
  6 orc knights
  A mana viper (Snake:2)
  A wolf spider (D:12)
  2 manticores
  2 orc sorcerers (D:10)
  3 salamanders (Snake:2)
  4 ugly things
  14 elephants
  15 black mambas
  5 naga magi
  Joseph (D:7)
  2 ice statues
  A centaur zombie (D:10)
  2 torpor snails (Lair:6)
  An orange demon (Lair:6)
  12 cane toads
  5 rime drakes
  3 freezing wraiths
  6 komodo dragons
  A tengu conjurer (D:7)
  5 ice devils
  7 anaconda simulacra (IceCv)
  A tyrant leech (Lair:2)
  A hellwing (Lair:6)
  A golden dragon simulacrum (IceCv)
  3 red devils (Lair:6)
  2 hornets
  2 polar bears
  7 trolls
  Grinder (D:4)
  Prince Ribbit (D:7)
  2 slime creatures (D:12)
  15 blink frogs
  A harpy skeleton (D:11)
  7 dream sheep (Lair:6)
  A blink frog (shapeshifter) (D:12)
  7 hippogriffs
  A spriggan (Lair:3)
  3 vampires
  4 wyverns
  A wraith (D:11)
  2 dire elephant simulacra (IceCv)
  3 basilisks
  12 yaks
  A human (D:7)
  4 hogs (D:7)
  A hungry ghost (D:8)
  8 vampire mosquitoes
  A steam dragon (D:9)
  2 death yak simulacra (IceCv)
  A harpy simulacrum (IceCv)
  21 nagas
  2 wargs
  11 crocodiles
  2 iron troll simulacra (IceCv)
  6 water moccasins
  Duvessa (D:7)
  3 acid dragons
  A hydra simulacrum (IceCv)
  7 porcupines
  4 hell hounds (Lair:6)
  An alligator simulacrum (IceCv)
  21 orc warriors
  An eye of draining (D:8)
  A sky beast (D:7)
  4 ice beasts
  3 black bears
  2 hornet zombies
  A black bear (shapeshifter) (D:11)
  3 necrophages
  3 phantoms
  An ettin simulacrum (IceCv)
  10 wolves
  3 centaurs
  12 ogres
  9 bullfrogs
  5 big kobolds
  Dowan (D:7)
  10 killer bees
  2 scorpions (D:9)
  A wight (Sewer)
  4 howler monkeys
  6 crimson imps
  A jelly (D:7)
  A bullfrog zombie (D:6)
  2 draconian simulacra (IceCv)
  A quasit (D:6)
  4 hounds
  11 orc priests
  9 orc wizards
  Crazy Yiuf (D:6)
  4 gnoll shamans (D:6)
  A centaur skeleton (D:5)
  4 iguanas
  3 troll simulacra (IceCv)
  2 polar bear simulacra (IceCv)
  4 worker ants
  A wolf simulacrum (IceCv)
  A centaur simulacrum (IceCv)
  4 hound skeletons
  2 worker ant zombies
  Robin (D:4)
  39 gnolls
  A howler monkey skeleton (D:7)
  3 ogre simulacra (IceCv)
  10 adders
  5 naga simulacra (IceCv)
  A river rat (D:5)
  8 shadow imps
  4 white imps (IceCv)
  9 ufetubi
  2 oozes (Sewer)
  An adder zombie (D:7)
  5 worms
  3 leopard geckos
  43 orcs
  3 ball pythons
  7 bats
  9 giant cockroaches
  9 goblins
  9 hobgoblins
  24 jackals
  4 quokkas
  3 frilled lizards
  37 kobolds
  A kobold zombie (Sewer)
  A quokka skeleton (D:4)
  10 rats
  2 bushes (Lair:5)
  A butterfly (Lair:2)
  3 fungi
  A plant (Lair:2)
741 creatures vanquished.

Vanquished Creatures (others)
  A centaur warrior (D:11)
  An orc warrior (Orc)
  3 white imps (IceCv)
  3 ufetubi (IceCv)
  2 fungi
  A plant (Lair:4)
11 creatures vanquished.

Grand Total: 752 creatures vanquished

Notes
Turn   | Place    | Note
-------+----------+-------------------------------------------
     0 | D:1      | Freyura the Minotaur Fighter began the quest for the Orb.
     0 | D:1      | Reached XP level 1. HP: 19/19 MP: 0/0
   254 | D:1      | Found a glowing golden altar of the Shining One.
   270 | D:1      | Became a worshipper of the Shining One
   515 | D:2      | Reached XP level 2. HP: 27/27 MP: 1/1
   599 | D:2      | Found a faded altar of an unknown god.
   801 | D:2      | Reached skill level 3 in Maces & Flails
  1220 | D:2      | Reached skill level 1 in Dodging
  1297 | D:2      | Reached XP level 3. HP: 33/33 MP: 2/2
  1686 | D:3      | Found a sparkling altar of Nemelex Xobeh.
  1830 | D:3      | Reached XP level 4. HP: 39/40 MP: 3/3
  2413 | D:4      | Noticed an ogre
  2416 | D:4      | Killed an ogre
  2416 | D:4      | Reached skill level 4 in Maces & Flails
  2416 | D:4      | Reached skill level 1 in Invocations
  2416 | D:4      | Reached XP level 5. HP: 47/47 MP: 4/4
  2452 | D:4      | Found a staircase to the Ecumenical Temple.
  3008 | D:4      | Reached * piety under the Shining One
  3013 | D:4      | Reached XP level 6. HP: 53/53 MP: 6/6
  3148 | D:4      | Noticed Grinder
  3157 | D:4      | Killed Grinder
  3157 | D:4      | Reached skill level 5 in Fighting
  3157 | D:4      | Reached skill level 5 in Maces & Flails
  3157 | D:4      | Reached skill level 5 in Armour
  3157 | D:4      | Reached skill level 5 in Shields
  3157 | D:4      | Reached XP level 7. HP: 45/61 MP: 4/7
  3367 | D:4      | Noticed Robin
  3375 | D:4      | Killed Robin
  3632 | D:5      | Entered Level 5 of the Dungeon
  3731 | D:5      | Reached skill level 6 in Maces & Flails
  3862 | D:5      | Reached ** piety under the Shining One
  3958 | D:5      | Reached XP level 8. HP: 48/69 MP: 5/9
  4066 | D:5      | Found a glowing drain.
  4080 | Sewer    | Entered a sewer
  4182 | Sewer    | Found an ancient bone altar of Kikubaaqudgha.
  4282 | Sewer    | Reached skill level 7 in Maces & Flails
  4622 | D:5      | Reached *** piety under the Shining One
  4629 | D:5      | Noticed a hippogriff
  4643 | D:5      | Killed a hippogriff
  4734 | D:5      | Found Kakokiew's Magic Scroll Emporium.
  4786 | D:5      | Found a sacrificial altar of Ru.
  5119 | D:6      | Identified a scroll of acquirement
  5120 | D:6      | Found the +6 shillelagh "Devastator" {shatter}
  5289 | D:6      | Found a runed door.
  5319 | D:6      | Got a steaming long sword
  5538 | D:6      | Reached XP level 9. HP: 78/78 MP: 11/11
  5575 | D:6      | Reached skill level 8 in Maces & Flails
  5658 | D:6      | Reached skill level 5 in Dodging
  5969 | D:6      | Reached **** piety under the Shining One
  6174 | D:6      | Found a shimmering blue altar of Sif Muna.
  6174 | D:6      | Found a radiant altar of Vehumet.
  6270 | D:6      | Noticed Crazy Yiuf
  6272 | D:6      | Killed Crazy Yiuf
  6297 | D:7      | Found a bloodstained altar of Trog.
  6297 | D:7      | Noticed a moth of wrath
  6386 | D:7      | Noticed a tengu conjurer
  6392 | D:7      | Killed a tengu conjurer
  6392 | D:7      | Reached skill level 9 in Maces & Flails
  6522 | D:7      | Reached skill level 5 in Invocations
  6739 | D:7      | Noticed Joseph
  6745 | D:7      | Killed Joseph
  6745 | D:7      | Reached XP level 10. HP: 73/88 MP: 9/12
  6750 | D:7      | Noticed Dowan
  6751 | D:7      | Noticed Duvessa
  6756 | D:7      | Killed Dowan
  6761 | D:7      | Killed Duvessa
  7043 | D:7      | Noticed Prince Ribbit
  7051 | D:7      | Killed Prince Ribbit
  7051 | D:7      | Reached skill level 10 in Maces & Flails
  7516 | D:8      | Found a hazy altar of Hepliaklqana.
  7614 | D:8      | Noticed a centaur warrior
  7621 | D:8      | Killed a centaur warrior
  8156 | D:8      | Noticed Erica
  8162 | D:8      | Killed Erica
  8634 | D:8      | Reached skill level 11 in Maces & Flails
  8634 | D:8      | Reached XP level 11. HP: 95/95 MP: 14/14
  8725 | D:9      | Noticed a cyan ugly thing
  8729 | D:9      | Killed a cyan ugly thing
  8734 | D:9      | Reached ***** piety under the Shining One
  8742 | D:9      | Noticed a two-headed ogre
  8745 | D:9      | Noticed a two-headed ogre
  8749 | D:9      | Killed a two-headed ogre
  8755 | D:9      | Killed a two-headed ogre
  9264 | D:9      | Found a staircase to the Lair.
  9391 | D:9      | Found a stormy altar of Qazlal.
  9393 | D:9      | Reached skill level 12 in Maces & Flails
  9408 | D:9      | Found a glowing silver altar of Zin.
  9762 | D:10     | Entered Level 10 of the Dungeon
  9792 | D:10     | Noticed a two-headed ogre
  9795 | D:10     | Killed a two-headed ogre
  9796 | D:10     | Noticed a cyclops
  9801 | D:10     | Killed a cyclops
  9873 | D:10     | Found a runed translucent gate.
  9873 | D:10     | Found a runed translucent gate.
  9873 | D:10     | Found a runed translucent gate.
  9878 | D:10     | Noticed donomii's ghost (journeyman FrFE)
  9878 | D:10     | Noticed flt's ghost (journeyman VSAc)
  9944 | D:9      | Reached XP level 12. HP: 105/106 MP: 16/16
 10073 | D:10     | Noticed a seven-headed hydra
 10085 | D:10     | Killed a seven-headed hydra
 10266 | D:10     | Found a staircase to the Orcish Mines.
 10275 | D:10     | Reached skill level 10 in Fighting
 10551 | D:10     | Killed flt's ghost
 10551 | D:10     | Reached skill level 10 in Armour
 10551 | D:10     | Reached skill level 10 in Shields
 10560 | D:10     | Killed donomii's ghost
 10577 | D:10     | Identified Quino's Volume of Weightlessness and Darkness
 10777 | Lair:1   | Entered Level 1 of the Lair of Beasts
 10831 | Lair:1   | Reached skill level 13 in Maces & Flails
 11975 | Lair:2   | Got a shimmering ring mail
 12241 | Lair:2   | Found a staircase to the Swamp.
 12442 | Lair:2   | Identified the +3 ring mail "Toqelely" {+Blink Dex+2} (You
                  | found it on level 2 of the Lair of Beasts)
 12582 | Lair:3   | Noticed a five-headed hydra
 12587 | Lair:3   | Killed a five-headed hydra
 12747 | Lair:3   | Found a shadowy altar of Dithmenos.
 13356 | Lair:4   | Reached XP level 13. HP: 115/115 MP: 18/18
 13709 | Lair:4   | Found a staircase to the Snake Pit.
 13872 | Lair:4   | Reached skill level 14 in Maces & Flails
 14172 | Lair:5   | Reached skill level 1 in Evocations
 14459 | Lair:5   | Reached ****** piety under the Shining One
 14546 | Lair:5   | Got a sparkling granite ring
 14548 | Lair:5   | Identified the ring of Gozag's Benevolence {rF- rN+ MR+++
                  | Int-3 Slay+2} (You found it on level 5 of the Lair of
                  | Beasts)
 14640 | Lair:5   | Found a staircase to the Slime Pits.
 14641 | Lair:5   | Found a viscous altar of Jiyva.
 15149 | Lair:6   | Entered Level 6 of the Lair of Beasts
 15173 | Lair:6   | Noticed Sonja
 15175 | Lair:6   | Killed Sonja
 15212 | Lair:6   | Reached skill level 10 in Dodging
 15283 | Lair:6   | Reached skill level 15 in Maces & Flails
 15317 | Lair:6   | Reached XP level 14. HP: 120/124 MP: 20/20
 15820 | Lair:6   | Found a large runed door.
 15820 | Lair:6   | Found a large runed door.
 16284 | Lair:6   | Gained mutation: You are resistant to electric shocks.
                  | (rElec) [potion of mutation]
 16284 | Lair:6   | Gained mutation: Your mind is acute. (Int +2) [potion of
                  | mutation]
 16420 | Lair:6   | Found a burning altar of Makhleb.
 16510 | Lair:6   | Found a gateway to Hell.
 16855 | D:11     | Found a basalt altar of Yredelemnul.
 17262 | D:11     | Noticed a brown very ugly thing
 17272 | D:11     | Killed a brown very ugly thing
 17395 | D:11     | Found Huguidghu's Gadget Shop.
 17614 | D:12     | Entered Level 12 of the Dungeon
 17880 | D:12     | Reached skill level 10 in Invocations
 17890 | D:12     | Reached skill level 16 in Maces & Flails
 18352 | D:12     | Found a gate to the Vaults.
 18427 | D:12     | Found a staircase to the Depths.
 18626 | Orc      | Entered the Orcish Mines
 18632 | Orc      | Noticed an orc warlord
 18739 | D:10     | Killed an orc warlord
 18739 | D:10     | Reached XP level 15. HP: 72/134 MP: 21/21
 19031 | Orc      | Found Alugatz's Antique Armour Emporium.
 19066 | Orc      | Found a staircase to the Elven Halls.
 19100 | Orc      | Found a roughly hewn altar of Beogh.
 19171 | Orc      | Found Gaitz's General Store.
 19323 | Orc      | Found Kaxkouvie's Jewellery Shoppe.
 19388 | Orc      | Found Piulor's Antique Weapon Shoppe.
 19556 | Orc      | Bought a pair of spiked gloves for 256 gold pieces
 19566 | Orc      | Identified the cursed -1 pair of gloves "Esiul" {Dex+4
                  | Slay+3 SInv} (You bought it in a shop in the Orcish Mines)
 19773 | Snake:1  | Entered Level 1 of the Snake Pit
 19808 | Snake:1  | Noticed a nagaraja
 19812 | Snake:1  | Reached skill level 5 in Evocations
 19821 | Snake:1  | Killed a nagaraja
 20558 | Snake:2  | Reached skill level 17 in Maces & Flails
 21015 | Snake:2  | Noticed Roxanne
 21027 | Snake:2  | Killed Roxanne
 21156 | Snake:2  | Identified Roxanne's Incunabulum of Shape Shifting (You
                  | took it off Roxanne on level 2 of the Snake Pit)
 21308 | Snake:3  | Entered Level 3 of the Snake Pit
 21484 | Snake:3  | Found a frozen archway.
 21496 | IceCv    | Entered an ice cave
 22230 | IceCv    | Reached XP level 16. HP: 144/144 MP: 23/23
 22365 | IceCv    | Noticed an Ice Fiend
 22384 | IceCv    | HP: 6/144 [Ice Fiend (23)]
 22387 | IceCv    | HP: 1/144 [Ice Fiend (7)]
 22387 | IceCv    | The Shining One protects you from harm!
 22388 | IceCv    | The Shining One protects you from harm!
 22389 | IceCv    | Killed from afar by an Ice Fiend

Skill      XL: |  1  2  3  4  5  6  7  8  9 10 11 12 13 14 15 |
---------------+----------------------------------------------+-----
Maces & Flails | 3 4 5 6 7 9 11 12 13 15 16 17 | 17.4
Dodging        | 1 2 3 4 5 6 8 9 10 11 | 11.7
Fighting       | 4 5 6 7 8 9 10 11 12 13 | 13.2
Armour         | 4 5 6 7 8 9 10 11 12 13 | 13.2
Shields        | 4 5 6 7 8 9 10 11 12 13 | 13.1
Invocations    | 1 2 3 4 5 6 7 8 9 10 | 10.9
Evocations     | 2 4 6 |  6.0

Action                   |  1- 3 |  4- 6 |  7- 9 | 10-12 | 13-15 | 16-18 || total
-------------------------+-------+-------+-------+-------+-------+-------++-------
Melee: Flail             |    90 |    59 |   194 |       |       |       ||   343
       Headbutt          |    11 |     9 |    32 |    61 |   175 |    12 ||   300
       Shillelagh        |       |       |   115 |   336 |   697 |    34 ||  1182
Invok: Divine Shield     |       |       |       |     1 |     2 |       ||     3
Evoke: Wand              |       |       |       |     1 |     2 |       ||     3
  Use: Scroll            |       |    13 |     7 |    14 |     8 |       ||    42
       Potion            |       |       |       |     4 |     8 |     3 ||    15
  Eat: Chunk             |     3 |     4 |    12 |    20 |    12 |       ||    51
       Ration            |       |       |       |     1 |     5 |       ||     6
Armor: Scale mail        |    53 |     4 |       |       |       |       ||    57
       Chain mail        |       |    23 |   138 |    17 |       |       ||   178
       Plate armour      |       |       |       |    66 |    78 |    22 ||   166
       Ring mail         |       |       |       |    10 |    92 |       ||   102
Dodge: Dodged            |    39 |    18 |    96 |    70 |   245 |    10 ||   478
Block: Medium shield     |    59 |    28 |   171 |   128 |   461 |    22 ||   869
       Reflection        |       |       |       |       |    73 |       ||    73
